 Dungeon Crawl Stone Soup version 0.24-a0-107-g431b8d2fe3 (webtiles) character file.

Game seed: 14359592603572346839

53 Roikka the Grave Robber (level 3, 0/26 HPs)
             Began as a Demonspawn Necromancer on Feb 14, 2019.
             Slain by a bat (1 damage)
             ... on level 2 of the Dungeon.
             The game lasted 00:07:51 (1944 turns).

Roikka the Grave Robber (Demonspawn Necromancer)    Turns: 1944, Time: 00:07:52

Health: 0/26       AC:  3    Str:  8    XL:     3   Next: 64%
Magic:  1/6        EV: 12    Int: 17    God:
Gold:   64         SH:  0    Dex: 13    Spells: 6/7 levels left

rFire    . . .     SeeInvis .   f - +0 spear (curse)
rCold    . . .     Gourm    .   (no shield)
rNeg     . . .     Faith    .   a - +0 robe
rPois    .         Spirit   .   (helmet restricted)
rElec    .         Reflect  .   (no cloak)
rCorr    .         Harm     .   (no gloves)
MR       .....                  (no boots)
Stlth    ++........             (no amulet)
HPRegen  0.08/turn              (no ring)
MPRegen  0.10/turn              (no ring)

@: lethally poisoned (0 -> -4), about to teleport, very slightly contaminated
A: horns 1, rugged brown scales 1
a: no special abilities


You were on level 2 of the Dungeon.
You were hungry.

You visited 1 branch of the dungeon, and saw 2 of its levels.

You collected 64 gold pieces.

Inventory:

Hand Weapons
 f - a cursed +0 spear (weapon)
Missiles
 i - 58 stones (quivered)
Armour
 a - a +0 robe (worn)
 h - a +1 ring mail
Scrolls
 e - a scroll of teleportation
 j - a scroll of magic mapping {unknown}
Comestibles
 c - 2 rations


   Skills:
 + Level 1.3 Fighting
 + Level 0.4 Armour
 - Level 1.7 Dodging
 - Level 1.7 Stealth
 + Level 2.5 Spellcasting
 * Level 5.1 Necromancy


You had 6 spell levels left.
You knew the following spells:

 Your Spells              Type           Power        Failure   Level  Hunger
a - Pain                  Necr           ###.         2%          1    #......

Your spell library contained the following spells:

 Spells                   Type           Power        Failure   Level  Hunger
 Animate Skeleton         Necr           N/A          2%          1    #......
 Vampiric Draining        Necr           ###.......   7%          3    ###....
 Regeneration             Chrm/Necr      ##........   19%         3    ###....
 Animate Dead             Necr           N/A          22%         4    #####..


Dungeon Overview and Level Annotations

Branches:
Dungeon (2/15)

Altars:


Innate Abilities, Weirdness & Mutations

You have a pair of small horns on your head.
You are partially covered in rugged brown scales. (AC +1, +3% HP)


Message History

a chunk of flesh; a frilled lizard skeleton Eat a chunk of flesh? (ye/n/q)
You eat the chunk of flesh.
This raw flesh tastes terrible.
You are feeling hungry.
* * * LOW HITPOINT WARNING * * *
You feel sick.
You aren't carrying any potions.
As you read the scroll labeled AXTUJ OSHEE, it crumbles to dust.
You feel strangely unstable.
It was a scroll of teleportation.
A bat comes into view.
Blink to where?
Press: ? - help, Dir - move target cursor You are very lightly contaminated with residual magic.
As you read the scroll labeled MOVICV VUXZOEB, it crumbles to dust.
It was a scroll of blinking.
* * * LOW HITPOINT WARNING * * *
You feel sick.
Found a murky silvery potion.
The bat hits you but does no damage. The bat hits you.
You die...

# ..... .$.# ..
...##.# .......
....... ########
....... #<.....#
.......
#.(....###.......
####....$..b@......?
#.........##........
#..§......##.######.
#........b##..
#....#.........
#....##....$.!..
#....##........≈≈
#######.......≈..≈
..≈≈


You could see a bat.

Vanquished Creatures
  An adder (D:2)
  An ooze (D:1)
  A worm (D:1)
  2 dart slugs (D:1)
  3 giant cockroaches
  3 goblins (D:1)
  6 hobgoblins
  3 ball pythons
  2 bats (D:1)
  3 frilled lizards
  5 kobolds
  5 rats
35 creatures vanquished.

Notes
Turn   | Place    | Note
-------+----------+-------------------------------------------
     0 | D:1      | Roikka the Demonspawn Necromancer began the quest for the
                  | Orb.
     0 | D:1      | Reached XP level 1. HP: 13/13 MP: 3/3
   397 | D:1      | Gained mutation: You have a pair of small horns on your
                  | head. [demonic ancestry]
   397 | D:1      | Reached XP level 2. HP: 17/20 MP: 1/5
   764 | D:1      | Reached skill level 1 in Fighting
   821 | D:1      | Reached skill level 5 in Necromancy
   997 | D:1      | Gained mutation: You are partially covered in rugged brown
                  | scales. (AC +1, +3% HP) [demonic ancestry]
   997 | D:1      | Reached XP level 3. HP: 21/26 MP: 4/6
  1534 | D:2      | HP: 1/26 [worm (10)]
  1940 | D:2      | HP: 1/26 [poisoned by an adder]
  1944 | D:2      | Slain by a bat

Levels and vault maps discovered:
D:1:      lemuel_arrival_muddy, layout_loops_ring,
          minmay_misc_feat_more_columns, minmay_pentomino_x2
D:2:      cheibrodos_helix_gallery, layout_basic, old_standard_altar,
          first_ration, grunt_ministairs_10

Skill      XL: |  1  2 |
---------------+-------+-----
Fighting       | 1 |  1.3
Necromancy     | 5 |  5.1
Armour         | |  0.4
Dodging        | |  1.7
Stealth        | |  1.7
Spellcasting   | |  2.5

Action                   || total
-------------------------++-------
Melee: Spear             ||    47
       Headbutt          ||     4
Throw: Stone             ||    15
 Cast: Pain              ||    54
  Use: Scroll            ||     5
 Stab: Sleeping          ||     1
  Eat: Chunk             ||     3
Armor: Robe              ||     8
Dodge: Dodged            ||    19

Table legend:
 A = Non-vault XP
 B = Vault XP
 C = Vault XP percentage of total XP
 D = Non-vault monster count
 E = Vault monster count
 F = Vault count percentage of total count
                 A         B        C        D         E       F
            +---------+---------+-------+---------+---------+-------
      Total |      60 |      17 |  22.1 |      30 |       5 |  14.3
            +---------+---------+-------+---------+---------+-------
        D:1 |      47 |       2 |   4.1 |      21 |       2 |   8.7
        D:2 |      13 |      15 |  53.6 |       9 |       3 |  25.0
            +---------+---------+-------+---------+---------+-------
